Map: Scalo orbitale (Bilanciamento 3.0.5 v1.0)

Players

Jhyrachy

  • Race: Zerg Zerg
  • League: Silver

Inkrusion - Winner!

  • Race: Zerg Zerg
  • League: Diamond

VOD

Have the link to the VOD?

Description

Time

  • Played on: Dec. 10, 2015, 3:39 p.m.
  • Length: 6:50
Show
View Real Time Build Order
Export as new Build Order

Jhyrachy Zerg 

Build Orders: Hatch First 

Get SALT Encoding   

  12  0:01  Drone  
  13  0:08  Drone  
  14  0:17  Overlord  
  14  0:28  Extractor  
  14  0:30  Extractor, Drone  
  14  0:31  Drone  
  16  0:53  Hatchery  
  15  0:57  Drone  
  15  1:01  Extractor  
  15  1:02  Drone  
  16  1:05  Drone  
  16  1:10  Overlord  
  17  1:24  Spawning Pool  
  16  1:33  Drone  
  16  1:34  Drone  
  18  1:52  Drone  
  19  1:54  Drone  
  20  2:02  Drone  
  21  2:15  Zergling x4  
  22  2:17  Zergling x2  
  22  2:18  Queen  
  24  2:31  Zergling x2  
  24  2:37  Metabolic Boost  
  22  2:47  Zergling x8  
  23  3:23  Queen  
  25  3:32  Zergling x2  
  25  3:33  Zergling x12  
  32  3:38  Drone  
  32  3:39  Drone  
  20  4:06  Queen  
  15  4:26  Zergling x12  
  21  4:45  Baneling Nest  
  18  5:06  Queen  
  20  5:11  Drone x2  
  22  5:45  Baneling  
  22  5:46  Baneling x4  
  22  5:55  Drone x5  
  27  6:26  Drone x3  
Show
View Real Time Build Order
Export as new Build Order

Inkrusion Zerg - Winner!

Build Orders: Pool First, Zergling Baneling 

Get SALT Encoding   

  12  0:01  Drone  
  13  0:15  Extractor  
  12  0:25  Spawning Pool  
  11  0:29  Drone  
  11  0:33  Drone  
  13  0:42  Overlord  
  13  0:49  Drone  
  14  1:12  Zergling x4  
  14  1:13  Zergling x2  
  17  1:22  Queen  
  19  1:28  Metabolic Boost  
  19  1:34  Zergling x2  
  19  1:37  Zergling x2  
  21  1:47  Zergling x2  
  22  2:01  Overlord  
  22  2:18  Zergling x2  
  22  2:25  Baneling Nest  
  22  2:26  Zergling x2  
  20  2:41  Zergling x2  
  20  2:42  Zergling x6  
  23  2:56  Zergling x2  
  23  3:05  Zergling x2  
  24  3:14  Zergling x2  
  23  3:21  Baneling  
  23  3:22  Baneling x3  
  23  3:26  Baneling  
  24  3:27  Zergling x2  
  24  3:36  Hatchery, Zergling x2  
  23  3:55  Zergling x6  
  23  3:57  Baneling  
  23  3:58  Baneling  
  20  4:08  Zergling x2  
  19  4:17  Baneling x2  
  19  4:19  Zergling x4  
  21  4:30  Zergling x2  
  21  4:31  Zergling x2  
  22  4:52  Zergling x8  
  23  5:02  Zergling x4  
  23  5:13  Baneling  
  23  5:14  Baneling x2  
  23  5:22  Zergling x6  
  26  5:29  Drone  
  27  5:46  Baneling, Drone x2  
  27  5:47  Drone  
  30  5:54  Drone  
  30  5:55  Drone  
  32  6:20  Drone, Overlord  
  32  6:25  Roach Warren  
Tags
 
Add a new tag
Caveats
  • Supply blocks, unpowered buildings, or Contaminate may cause inaccurate times.
  • Supply counts are checked every 10 seconds.